 Dungeon Crawl Stone Soup version 0.20-a0-465-g6513c8f (webtiles) character file.

28415 Duffy the Cleaver (level 13, -1/109 HPs)
             Began as a Formicid Fighter on Jan 12, 2017.
             Was a High Priest of Makhleb.
             Slain by a dire elephant (7 damage)
             ... on level 6 of the Lair of Beasts.
             The game lasted 00:17:24 (13658 turns).

Duffy the Cleaver (Formicid Fighter)               Turns: 13658, Time: 00:17:25

Health: -1/109     AC: 25    Str: 23    XL:     13   Next: 73%
Magic:  11/11      EV:  7    Int: 12    God:    Makhleb [*****.]
Gold:   375        SH: 17    Dex: 10    Spells: 12/12 levels left

rFire  + . .     SeeInvis +     k - +9 executioner's axe of Modesty {freeze, Str-3 Int+4 SInv}
rCold  . . .     Gourm    .     g - +2 plate armour {MR+}
rNeg   + . .     Faith    .     c - +0 shield
rPois  .         Spirit   .     (helmet unavailable)
rElec  .         Reflect  +     h - +0 cloak
rCorr  .         Harm     .     L - +1 pair of gloves
MR     ++...                    (no boots)
Stlth  ..........               K - +5 amulet of reflection
                                (no ring)
                                m - ring of positive energy

@: no status effects
A: permanent stasis, dig shafts and tunnels, four strong arms, antennae 3, beak,
hooves 1, icy blue scales 1, thin metallic scales 1, fire resistance 1, low mp
1, subdued magic 1, MP-powered wands
a: Dig, Shaft Self, Minor Destruction, Lesser Servant of Makhleb, Major
Destruction, Greater Servant of Makhleb, Renounce Religion


You were on level 6 of the Lair of Beasts.
You worshipped Makhleb.
Makhleb was extremely pleased with you.
You were hungry.

You visited 2 branches of the dungeon, and saw 16 of its levels.
You also visited: Ossuary and Volcano.

You collected 675 gold pieces.
You spent 300 gold pieces at shops.

Inventory:

Hand Weapons
 b - a +1 scimitar of flaming
 k - the +9 executioner's axe of Modesty (weapon) {freeze, Str-3 Int+4 SInv}
   (You acquired it on level 11 of the Dungeon)

   It has been specially enchanted to freeze those struck by it, causing extra
   injury to most foes and up to half again as much damage against particularly
   susceptible opponents.
   It can also slow down cold-blooded creatures.
   It affects your strength (-3).
   It affects your intelligence (+4).
   It lets you see invisible.
Missiles
 X - 2 throwing nets (quivered)
Armour
 c - a +0 shield (worn)
 g - a +2 plate armour of magic resistance (worn)
 h - a +0 cloak (worn)
 L - a +1 pair of gloves (worn)
Jewellery
 l - an uncursed ring of fire
 m - a ring of positive energy (left hand)
 K - a +5 amulet of reflection (around neck)
Wands
 n - a wand of digging (10/24)
 A - a wand of lightning (10/15)
 B - a wand of flame (19/48)
 F - a wand of acid (0/15)
 N - a wand of random effects (26/48)
 P - a wand of acid (9/15)
 R - a wand of confusion (26/48)
 U - a wand of acid (13/15)
 Z - a wand of iceblast (10/15)
Scrolls
 e - 2 scrolls of fear {unknown}
 j - 5 scrolls of teleportation
 o - 2 scrolls of enchant armour
 r - a scroll of fog
 s - a scroll of amnesia
 u - 2 scrolls of identify
 v - 2 scrolls of recharging
 w - 2 scrolls of magic mapping
 x - 8 scrolls of remove curse
 z - 2 scrolls of enchant weapon
 C - a scroll of noise
 D - a scroll of random uselessness
 J - 2 scrolls of immolation
 M - a scroll of torment
 O - a scroll of vulnerability
 T - a scroll of holy word
Potions
 d - 2 potions of might
 i - 7 potions of curing
 q - a potion of magic
 t - 3 potions of brilliance
 H - 2 potions of cancellation
 Q - a potion of resistance
Comestibles
 a - a slice of pizza
 f - 9 bread rations
 E - 9 beef jerkies
 G - 5 fruits
 I - 4 meat rations


   Skills:
 + Level 12.8 Fighting
 + Level 13.2 Axes
 + Level 12.7 Armour
 - Level 10.0 Shields


You had 12 spell levels left.
You didn't know any spells.

Dungeon Overview and Level Annotations

Branches:
Dungeon (11/15)            Temple (0/1) D:7            Lair (6/6) D:11
  Slime (0/5) Lair:6          Orc (0/2) D:9
  Swamp: Lair:2-4    Shoals: Lair:2-4     Snake: Lair:2-4    Spider: Lair:2-4

Altars:
Elyvilon
Gozag
Hepliaklqana
Makhleb
Okawaru
Trog
Uskayaw
The Shining One

Shops:
D:6 =!}   D:7 (


Innate Abilities, Weirdness & Mutations

You cannot be hasted, slowed, berserked, paralysed or teleported.
You can dig through walls and to a lower floor.
Your four strong arms can wield two-handed weapons with a shield.
You have a pair of large antennae on your head. (SInv)
You have a beak for a mouth.
You have large cloven feet.
You are partially covered in icy blue scales. (AC +2)
You are partially covered in thin metallic scales. (AC +2)
Your flesh is heat resistant. (rF+)
Your magical capacity is low. (-10% MP)
Your spells are a little easier to cast, but a little less powerful.
You expend magic power (3 MP) to strengthen your wands.


Message History

The dire elephant is lightly wounded.
You slash the dire elephant! You freeze the dire elephant.
The dire elephant tramples you but does no damage.
The dire elephant trunk-slaps you!
The dire elephant tramples you but does no damage.
The dire elephant trunk-slaps you but does no damage.
The dire elephant tramples you.
You stumble backwards!
Splash!
You fall into the shallow water.
Moving in this stuff is going to be slow.
Your unstable footing causes you to fumble your attack.
You block the dire elephant's attack. x2; The dire elephant tramples you!!
You stumble backwards!
Splash!
You are feeling hungry.
You hit the dire elephant but do no damage.
You kick the dire elephant, but do no damage.
You block the dire elephant's attack. x2; The dire elephant tramples you!
You hold your ground!
The dire elephant trunk-slaps you!
You die...

########'''########7.
###...........P.....
##
#...#####8.}.8#####.
# ####.###~.###8.8##
####....#~~~~.######
#+#....####.~~~~# {{
#.#.####.8#.~~~~+{ {{
#...#.....'%.Y~~+ {
#8.8#....8##.Y@##
##'##''#########
##.#..#...#
........### .......##
###.#.## #####


You could see 2 dire elephants.

Vanquished Creatures
  A red draconian (Volcano)
  Fannar (Lair:1)
  A hydra (Lair:6)
  An anaconda (Lair:6)
  3 death yaks (D:11)
  Erica (D:8)
  An ogre mage (Volcano)
  4 two-headed ogres (Volcano)
  3 ugly things
  A cyclops (D:9)
  2 molten gargoyles (Volcano)
  2 black mambas (Lair:6)
  A gargoyle (D:11)
  Joseph (D:8)
  2 spiny frogs (Lair:6)
  Psyche (D:8)
  A troll (D:11)
  Prince Ribbit (D:8)
  Grinder (D:6)
  5 blink frogs (Lair:6)
  The ghost of confidenceinterval the Martial Artist, an amateur MfTm (D:4)
  6 dream sheep (Lair:6)
  6 hippogriffs
  17 yaks
  A wyvern (D:11)
  Sigmund (D:2)
  A wraith (D:10)
  Eustachio (D:4)
  A fire bat (Volcano)
  2 hungry ghosts
  Menkaure (Ossuary)
  2 porcupines
  2 water moccasins (Lair:6)
  3 orc warriors
  2 black bears
  A sky beast (D:9)
  An eye of draining (D:8)
  3 ice beasts
  A necrophage (D:10)
  6 centaurs
  8 wolves (Lair:6)
  5 ogres
  A crocodile (Lair:6)
  Blork the orc (D:4)
  An elf zombie (Ossuary)
  8 bullfrogs
  A water moccasin zombie (D:5)
  3 water moccasin skeletons
  4 scorpions
  5 killer bees (D:7)
  12 wights
  8 howler monkeys
  4 crimson imps
  6 centaur zombies
  4 lava snakes (Volcano)
  7 hounds
  2 bullfrog skeletons
  13 jellies
  Crazy Yiuf (D:3)
  A gnoll shaman (D:4)
  4 orc priests
  6 orc wizards
  3 centaur skeletons
  5 iguanas
  15 worker ants
  4 hell rats (D:11)
  A big kobold zombie (Ossuary)
  2 ogre zombies (Ossuary)
  6 mummies (Ossuary)
  2 worker ant zombies
  Robin (D:2)
  8 gnolls
  10 adders
  A shadow imp (D:5)
  An ooze (D:6)
  2 adder skeletons
  3 adder zombies
  4 worms
  5 dart slugs
  5 leopard geckos
  36 orcs
  2 ball pythons
  3 giant cockroaches
  18 goblins
  11 hobgoblins
  11 jackals
  7 kobolds
  4 quokkas
  10 bats
  9 frilled lizards
  A giant cockroach zombie (D:6)
  6 goblin zombies (Ossuary)
  4 hobgoblin zombies (Ossuary)
  6 kobold zombies (Ossuary)
  4 quokka zombies (Ossuary)
  5 rats
  2 rat zombies (Ossuary)
  2 fungi (D:3)
  2 plants (Lair:6)
419 creatures vanquished.

Vanquished Creatures (others)
  A centaur (D:8)
  A fungus (Lair:6)
  A plant (Lair:6)
3 creatures vanquished.

Grand Total: 422 creatures vanquished

Notes
Turn   | Place    | Note
-------+----------+-------------------------------------------
     0 | D:1      | Duffy the Formicid Fighter began the quest for the Orb.
     0 | D:1      | Reached XP level 1. HP: 18/18 MP: 1/1
    73 | D:1      | Reached XP level 2. HP: 24/24 MP: 2/2
   427 | D:1      | Reached XP level 3. HP: 17/29 MP: 3/3
   640 | D:1      | Reached skill level 3 in Axes
  1110 | D:2      | Noticed Sigmund
  1237 | D:2      | Killed Sigmund
  1237 | D:2      | Reached skill level 4 in Axes
  1237 | D:2      | Reached skill level 5 in Shields
  1237 | D:2      | Reached XP level 4. HP: 30/35 MP: 4/4
  1237 | D:2      | Reached XP level 5. HP: 35/41 MP: 5/5
  1237 | D:2      | Reached XP level 6. HP: 41/47 MP: 6/6
  1306 | D:2      | Noticed Robin
  1369 | D:2      | Killed Robin
  2155 | D:3      | Found a runed door.
  2159 | D:3      | Noticed Crazy Yiuf
  2168 | D:3      | Killed Crazy Yiuf
  2511 | D:3      | Found an opulent altar of Gozag.
  2512 | D:3      | Found a burning altar of Makhleb.
  2516 | D:3      | Became a worshipper of Makhleb the Destroyer
  2560 | D:4      | Reached skill level 5 in Axes
  2560 | D:4      | Reached XP level 7. HP: 43/52 MP: 7/7
  2562 | D:4      | Noticed Eustachio
  2662 | D:4      | Found a sand-covered staircase.
  2666 | Ossuary  | Entered an ossuary
  3005 | Ossuary  | Reached * piety under Makhleb
  3211 | Ossuary  | Reached skill level 6 in Axes
  3328 | Ossuary  | Reached XP level 8. HP: 58/58 MP: 8/8
  3411 | Ossuary  | Noticed Menkaure
  3493 | Ossuary  | Killed Menkaure
  4063 | D:4      | Killed Eustachio
  4308 | D:4      | Reached skill level 7 in Axes
  4779 | D:4      | Noticed confidenceinterval's ghost (amateur MfTm)
  4826 | D:5      | Entered Level 5 of the Dungeon
  4842 | D:5      | Reached ** piety under Makhleb
  5179 | D:5      | Reached XP level 9. HP: 58/64 MP: 9/9
  5813 | D:6      | Found Tebryluq's Distillery.
  5864 | D:6      | Reached skill level 8 in Axes
  6020 | D:6      | Found Qiopiol's Gadget Boutique.
  6111 | D:6      | Reached skill level 10 in Shields
  6243 | D:6      | Reached skill level 5 in Armour
  6253 | D:6      | Found an iron altar of Okawaru.
  6277 | D:6      | Noticed Grinder
  6298 | D:6      | Killed Grinder
  6298 | D:6      | Reached skill level 5 in Fighting
  6324 | D:6      | Found Ulozxo Afesch's Jewellery Boutique.
  6565 | D:6      | Found Gonuffics's Jewellery Shop.
  6849 | D:6      | Bought a +5 amulet of reflection for 300 gold pieces
  7086 | D:4      | Noticed Blork the orc
  7099 | D:4      | Killed Blork the orc
  7099 | D:4      | Reached *** piety under Makhleb
  7195 | D:4      | Reached XP level 10. HP: 76/76 MP: 10/10
  7320 | D:4      | Killed confidenceinterval's ghost
  7492 | D:7      | Found a white marble altar of Elyvilon.
  7558 | D:7      | Found a staircase to the Ecumenical Temple.
  7831 | D:7      | Reached skill level 9 in Axes
  7860 | D:7      | Gained mutation: Your muscles are strong. (Str +2) [potion of mutation]
  7860 | D:7      | Gained mutation: You expend magic power (3 MP) to strengthen your wands. [potion of mutation]
  7860 | D:7      | Lost mutation: Your muscles are strong. (Str +2) [potion of mutation]
  7867 | D:7      | You fall through a shaft for 2 floors!
  7883 | D:9      | HP: 3/77 [poisoned by a killer bee]
  8253 | D:8      | Noticed Psyche
  8258 | D:8      | Noticed Erica
  8267 | D:8      | Killed Psyche
  8275 | D:8      | Killed Erica
  8334 | D:8      | Noticed a purple ugly thing
  8348 | D:8      | Killed a purple ugly thing
  8348 | D:8      | Reached skill level 10 in Axes
  8348 | D:8      | Reached XP level 11. HP: 86/86 MP: 6/11
  8358 | D:8      | Gained mutation: Your spells are a little easier to cast, but a little less powerful. [mutagenic meat]
  8359 | D:8      | Gained mutation: You are robust. (+10% HP) [mutagenic meat]
  8415 | D:8      | Noticed Joseph
  8429 | D:8      | Killed Joseph
  8537 | D:8      | Found a bloodstained altar of Trog.
  8604 | D:7      | Found Irobuiby's Antique Weapon Shoppe.
  8620 | D:7      | Reached **** piety under Makhleb
  9101 | D:8      | Noticed Prince Ribbit
  9134 | D:8      | Killed Prince Ribbit
  9673 | D:9      | Gained mutation: Your magical capacity is low. (-10% MP) [mutagenic meat]
  9675 | D:9      | Gained mutation: Armour fits poorly on your strangely shaped body. [mutagenic meat]
  9677 | D:9      | Gained mutation: You have large cloven feet. [mutagenic meat]
  9764 | D:9      | Found a staircase to the Orcish Mines.
  9799 | D:9      | Found a glowing golden altar of the Shining One.
  9886 | D:9      | Found a hide-covered altar of Uskayaw.
 10252 | D:9      | Noticed a cyclops
 10273 | D:9      | Killed a cyclops
 10425 | D:10     | Entered Level 10 of the Dungeon
 10720 | D:10     | Reached ***** piety under Makhleb
 11026 | D:10     | Reached skill level 11 in Axes
 11098 | D:11     | Noticed a brown ugly thing
 11107 | D:11     | Killed a brown ugly thing
 11118 | D:11     | Lost mutation: Armour fits poorly on your strangely shaped body. [mutagenic meat]
 11120 | D:11     | Lost mutation: You are robust. (+10% HP) [mutagenic meat]
 11212 | D:11     | Reached skill level 10 in Fighting
 11257 | D:11     | Reached skill level 10 in Armour
 11257 | D:11     | Reached XP level 12. HP: 97/97 MP: 10/10
 11436 | D:11     | Gained mutation: Your flesh is heat resistant. (rF+) [mutagenic meat]
 11437 | D:11     | Gained mutation: You are partially covered in icy blue scales. (AC +2) [mutagenic meat]
 11439 | D:11     | Gained mutation: You are partially covered in thin metallic scales. (AC +2) [mutagenic meat]
 11970 | D:11     | Noticed a death yak
 11972 | D:11     | Noticed a death yak
 11972 | D:11     | Noticed a death yak
 11986 | D:11     | Killed a death yak
 12012 | D:11     | Killed a death yak
 12017 | D:11     | Killed a death yak
 12041 | D:11     | Found a staircase to the Lair.
 12231 | D:11     | Gained mutation: You have a beak for a mouth. [potion of beneficial mutation]
 12241 | D:11     | Identified 2 scrolls of acquirement
 12247 | D:11     | Got an encrusted executioner's axe
 12248 | D:11     | Identified the +9 executioner's axe of Modesty {freeze, Str-3 Int+4 SInv} (You acquired it on level 11 of the Dungeon)
 12298 | Lair:1   | Entered Level 1 of the Lair of Beasts
 12298 | Lair:1   | Noticed Fannar
 12310 | Lair:1   | Killed Fannar
 12363 | Lair:1   | Found a dark tunnel.
 12370 | Volcano  | Entered a volcano
 12459 | Volcano  | Reached skill level 12 in Axes
 12734 | Volcano  | Found a bloodstained altar of Trog.
 12734 | Volcano  | Noticed a two-headed ogre
 12734 | Volcano  | Noticed a two-headed ogre
 12734 | Volcano  | Noticed an ogre mage
 12734 | Volcano  | Noticed a two-headed ogre
 12740 | Volcano  | Killed a two-headed ogre
 12743 | Volcano  | Killed an ogre mage
 12744 | Volcano  | Killed a two-headed ogre
 12747 | Volcano  | Killed a two-headed ogre
 12752 | Volcano  | Noticed a red draconian
 12758 | Volcano  | Killed a red draconian
 12758 | Volcano  | Reached XP level 13. HP: 107/107 MP: 11/11
 12972 | Lair:1   | You fall through a shaft!
 12975 | Lair:2   | You fall through a shaft for 2 floors!
 12978 | Lair:4   | You fall through a shaft!
 12981 | Lair:5   | You fall through a shaft!
 12981 | Lair:6   | Entered Level 6 of the Lair of Beasts
 12982 | Lair:6   | Found a staircase to the Slime Pits.
 13037 | Lair:6   | Noticed a seven-headed hydra
 13048 | Lair:6   | Killed a 13-headed hydra
 13182 | Lair:6   | Found a hazy altar of Hepliaklqana.
 13303 | Lair:6   | Reached skill level 13 in Axes
 13534 | Lair:6   | Noticed an anaconda
 13543 | Lair:6   | Killed an anaconda
 13647 | Lair:6   | Noticed a dire elephant
 13647 | Lair:6   | Noticed a dire elephant
 13658 | Lair:6   | Slain by a dire elephant

Vault maps used:
D:1:      scummos_arrival_hexagon, minmay_vboxes
D:2:      first_bread, uniq_robin, uniq_sigmund
D:3:      gammafunk_temple_overflow_statue, uniq_crazy_yiuf_cottage
D:4:      enter_ossuary_5, uniq_eustachio, uniq_blork_the_orc
D:5:      minmay_crossroads
D:6:      serial_shops, kennysheep_mini_moat, shop_fountains, shop,
          kennysheep_mini, minmay_holes, okawaru_ov_weapons_minmay, uniq_grinder
D:7:      overflow_temple_1_default, serial_shops, nicolae_shop_crystal
D:8:      lemuel_doored_altar, uniq_psyche, uniq_joseph, uniq_prince_ribbit1,
          uniq_erica
D:9:      eat_drink_and_be_merry_uskayaw, nicolae_overflow_crystal_walls,
          orc_0_dummy
D:11:     dpeg_lair_monsters, grunt_ogre_cave
Lair:1:   nicolae_volcano_entry_s_turn, grunt_megastairs_3, uniq_grum,
          uniq_fannar, uniq_gastronok
Lair:2:   spider_nest_entry_a, beast_lair_carwin_6, minmay_lair_oklob_chamber
Lair:4:   infiniplex_staircase_pool, uniq_rupert
Lair:5:   serial_bayou_crossing, serial_bayou_shore_a
Lair:6:   due_jungle_book, minmay_slime_entry_jelly_boxes, basic_altar
Ossuary:  ossuary_boxes_badplayer
Volcano:  volcano_lake

Skill      XL: |  1  2  3  4  5  6  7  8  9 10 11 12 13 |
---------------+----------------------------------------+-----
Shields        | 4 5 6 7 9 10 | 10.0
Axes           | 4 5 6 7 8 10 11 12 13 | 13.2
Fighting       | 5 8 10 11 12 | 12.8
Armour         | 5 8 10 11 12 | 12.7

Action                   |  1- 3 |  4- 6 |  7- 9 | 10-12 | 13-15 || total
-------------------------+-------+-------+-------+-------+-------++-------
Melee: War axe           |   104 |    59 |       |       |       ||   163
       Broad axe         |       |    98 |   474 |   480 |       ||  1052
       Battleaxe         |       |       |       |   158 |       ||   158
       Kick              |       |       |       |   100 |    24 ||   124
       Executioner's axe |       |       |       |    46 |   105 ||   151
       Peck              |       |       |       |     8 |    13 ||    21
 Abil: Dig               |     1 |     2 |     3 |     8 |       ||    14
       Shaft Self        |       |       |       |     1 |     4 ||     5
Evoke: Wand              |       |       |       |     3 |       ||     3
  Use: Potion            |       |       |       |    11 |       ||    11
       Scroll            |       |       |       |    21 |       ||    21
  Eat: Chunk             |     1 |     5 |     7 |    39 |     5 ||    57
       Pizza             |       |       |     1 |       |       ||     1
       Beef jerky        |       |       |     2 |       |       ||     2
       Meat ration       |       |       |     1 |       |       ||     1
Armor: Scale mail        |    46 |    46 |   108 |     4 |       ||   204
       Plate armour      |       |       |       |   178 |    91 ||   269
Dodge: Dodged            |    45 |    60 |   132 |   118 |    30 ||   385
Block: Shield            |    66 |    93 |   269 |   571 |   122 ||  1121
       Reflection        |       |       |       |    19 |       ||    19
